 Dungeon Crawl Stone Soup version 0.27-a0-1245-g940ed4fa31 (webtiles) character file.

Game seed: 17820903262147359491

121 senseless the Skirmisher (level 5, -2/47 HPs)
             Began as a Gnoll Wanderer on June 9, 2021.
             Was a Follower of Okawaru.
             Succumbed to a scorpion's poison
             ... on level 4 of the Dungeon.
             The game lasted 00:08:42 (3815 turns).

senseless the Skirmisher (Gnoll Wanderer)           Turns: 3815, Time: 00:08:42

Health: -2/47      AC:  2    Str: 13    XL:     5   Next: 5%
Magic:  6/7        EV: 13    Int: 11    God:    Okawaru [*.....]
Gold:   108        SH:  0    Dex: 11    Spells: 6/6 levels left

rFire    + . .     SeeInvis .   l - +2 mace (holy)
rCold    . . .     Faith    .   (no shield)
rNeg     . . .     Spirit   .   f - +0 robe
rPois    .         Reflect  .   (no helmet)
rElec    .         Harm     .   (no cloak)
rCorr    .         Rampage  .   (no gloves)
Will     .....                  (no boots)
Stlth    ++........             (no amulet)
HPRegen  0.15/turn              k - ring of protection from fire
MPRegen  0.10/turn              (no ring)

@: lethally poisoned (-2 -> -22), attractive
A: fangs 1, strong nose, distributed training
a: Renounce Religion, Heroism


You were on level 4 of the Dungeon.
You worshipped Okawaru.
Okawaru was aware of your devotion.
You visited 1 branch of the dungeon, and saw 4 of its levels.

You collected 108 gold pieces.

Inventory:

Hand Weapons
 a - a +0 quarterstaff
 e - a +0 dagger
 l - a +2 mace of holy wrath (weapon)
 n - a +0 short sword of electrocution
Missiles
 d - 6 poisoned darts (quivered)
Armour
 f - a +0 robe (worn)
Magical Staves
 h - a staff of conjuration
Jewellery
 k - a ring of protection from fire (left hand)
Scrolls
 b - a scroll of blinking
 g - a scroll of identify
 j - a scroll of fog
 m - 2 scrolls of teleportation
 o - a scroll of vulnerability {unknown}
Potions
 c - a potion of berserk rage
 i - a potion of flight
 p - 2 potions of cancellation


   Skills:
 + Level 6.6 Fighting
 + Level 1.3 Short Blades
 + Level 1.3 Long Blades
 + Level 1.3 Axes
 + Level 1.3 Maces & Flails
 + Level 1.3 Polearms
 + Level 1.3 Staves
 + Level 1.3 Slings
 + Level 1.3 Bows
 + Level 1.3 Crossbows
 + Level 2.9 Throwing
 + Level 1.3 Armour
 + Level 4.7 Dodging
 + Level 2.7 Stealth
 + Level 1.3 Shields
 + Level 4.7 Unarmed Combat
 + Level 1.3 Spellcasting
 + Level 1.1 Conjurations
 + Level 1.1 Hexes
 + Level 1.1 Summonings
 + Level 1.1 Necromancy
 + Level 1.1 Translocations
 + Level 1.1 Transmutations
 + Level 1.1 Fire Magic
 + Level 1.1 Ice Magic
 + Level 1.1 Air Magic
 + Level 1.1 Earth Magic
 + Level 1.1 Poison Magic
 + Level 1.5 Invocations
 + Level 2.9 Evocations


You had 6 spell levels left.
You didn't know any spells.
Your spell library was empty.

Dungeon Overview and Level Annotations

Branches:
Dungeon (4/15)
 Temple: D:4-7

Altars:
Okawaru

Shops:
D:3 :

Annotations:
D:4 Dowan, Duvessa


Innate Abilities, Weirdness & Mutations

You have very sharp teeth.
Your uncanny sense of smell can sniff out nearby items.
Your experience applies equally to all skills.


Message History

You start waiting.
The ufetubus completely misses you. The ufetubus hits you.
You closely miss the ufetubus. Your bite misses the ufetubus.
The ufetubus hits you. x2; The ufetubus misses you.
The ufetubus hits you but does no damage.
You hit the ufetubus.
The ufetubus convulses.
The ufetubus is heavily wounded.
An orc comes into view. It is wielding a +0 whip.
The ufetubus closely misses you. The ufetubus hits you.
The scorpion misses you. The ufetubus closely misses you.
The ufetubus hits you.
The orc moves out of view.
You closely miss the ufetubus.
The ufetubus is heavily wounded.
The ufetubus closely misses you. The ufetubus hits you.
The scorpion stings you!
You hit the ufetubus.
You kill the ufetubus!
Okawaru accepts your kill. The scorpion stings you! The scorpion stings you.
You are too injured to fight recklessly!
You hit the scorpion.
You punch the scorpion, but do no damage.
The scorpion is lightly wounded.
The orc closely misses you. The scorpion stings you.
You are poisoned.
The scorpion poisons you!
You hit the scorpion.
The scorpion is heavily wounded.
You feel very sick. The scorpion misses you. The orc closely misses you.
The scorpion misses you. The orc hits you but does no damage.
You sock the scorpion!
The scorpion is almost dead.
You feel sick. The scorpion stings you!
* * * LOW HITPOINT WARNING * * *
You are more poisoned.
The scorpion poisons you! The orc barely misses you. The scorpion misses you.
It was a potion of attraction.
You feel attractive to monsters.
You die...

...######
........#
##....
<.......#
#....#
...######
#....# ####
#....# #....#
#....# #....#
###..s@#
#....o##
#.....'......
#.....#..5...
+.....#......
#.....# ..s..
#.....# #####
#######


You could see a scorpion and an orc.

Vanquished Creatures
  A hound skeleton (D:4)
  3 adders (D:2)
  An ufetubus (D:4)
  An adder skeleton (D:4)
  A worm (D:2)
  A dart slug (D:2)
  A bat (D:1)
  9 endoplasms
  2 giant cockroaches (D:1)
  2 goblins (D:1)
  7 hobgoblins
  4 jackals (D:1)
  10 kobolds
  3 quokkas
  9 ball pythons
  4 frilled lizards
  4 rats
63 creatures vanquished.

Vanquished Creatures (others)
  3 plants
3 creatures vanquished.

Grand Total: 66 creatures vanquished

Notes
Turn   | Place    | Note
-------+----------+-------------------------------------------
     0 | D:1      | senseless the Gnoll Wanderer began the quest for the Orb.
     0 | D:1      | senseless set off with the following items: a +0
                  | quarterstaff, a scroll of blinking, a potion of berserk
                  | rage, 15 poisoned darts, a +0 dagger, a +0 robe
     0 | D:1      | Reached XP level 1. HP: 23/23 MP: 1/1
   290 | D:1      | Reached XP level 2. HP: 29/29 MP: 2/2
  1021 | D:1      | Found a faded altar of an unknown god.
  1025 | D:1      | Became a worshipper of Warmaster Okawaru
  1025 | D:1      | Reached * piety under Okawaru
  1217 | D:1      | Reached XP level 3. HP: 32/35 MP: 3/3
  1747 | D:2      | Reached skill level 1 in Invocations
  1770 | D:2      | Reached skill level 1 in Short Blades
  1770 | D:2      | Reached skill level 1 in Long Blades
  1770 | D:2      | Reached skill level 1 in Axes
  1770 | D:2      | Reached skill level 1 in Maces & Flails
  1770 | D:2      | Reached skill level 1 in Polearms
  1770 | D:2      | Reached skill level 1 in Staves
  1770 | D:2      | Reached skill level 1 in Slings
  1770 | D:2      | Reached skill level 1 in Bows
  1770 | D:2      | Reached skill level 1 in Crossbows
  1770 | D:2      | Reached skill level 1 in Armour
  1770 | D:2      | Reached skill level 1 in Shields
  1770 | D:2      | Reached skill level 1 in Spellcasting
  2262 | D:2      | Reached XP level 4. HP: 39/41 MP: 5/5
  2785 | D:3      | Reached skill level 1 in Conjurations
  2785 | D:3      | Reached skill level 1 in Hexes
  2785 | D:3      | Reached skill level 1 in Summonings
  2785 | D:3      | Reached skill level 1 in Necromancy
  2785 | D:3      | Reached skill level 1 in Translocations
  2785 | D:3      | Reached skill level 1 in Transmutations
  2785 | D:3      | Reached skill level 1 in Fire Magic
  2785 | D:3      | Reached skill level 1 in Ice Magic
  2785 | D:3      | Reached skill level 1 in Air Magic
  2785 | D:3      | Reached skill level 1 in Earth Magic
  2785 | D:3      | Reached skill level 1 in Poison Magic
  3190 | D:3      | Found Keexam's Book Emporium.
  3580 | D:4      | Reached XP level 5. HP: 47/47 MP: 6/6
  3589 | D:4      | Noticed Dowan
  3590 | D:4      | Noticed Duvessa
  3815 | D:4      | Succumbed to a scorpion's poison

Illustrated notes

Levels and vault maps discovered:
D:1:      amcnicky_arrival_wind_blow, layout_basic,
          ebering_ecumenical_altar_webs, kennysheep_another_room
D:2:      layout_rooms, minmay_misc_feat_square, minmay_shallow_snake_nest
D:3:      layout_rooms, serial_shops, shop_statue,
          chequers_serial_rivers_small_b, chequers_jeans,
          lexackson_kobold_supper
D:4:      layout_gridville, ebering_ghost_disaster_area, uniq_duvessa

Skill      XL: |  1  2  3  4 |
---------------+-------------+-----
Invocations    | 1 |  1.5
Short Blades   | 1 |  1.3
Long Blades    | 1 |  1.3
Axes           | 1 |  1.3
Maces & Flails | 1 |  1.3
Polearms       | 1 |  1.3
Staves         | 1 |  1.3
Slings         | 1 |  1.3
Bows           | 1 |  1.3
Crossbows      | 1 |  1.3
Armour         | 1 |  1.3
Shields        | 1 |  1.3
Spellcasting   | 1 |  1.3
Conjurations   | 1 |  1.1
Hexes          | 1 |  1.1
Summonings     | 1 |  1.1
Necromancy     | 1 |  1.1
Translocations | 1 |  1.1
Transmutations | 1 |  1.1
Fire Magic     | 1 |  1.1
Ice Magic      | 1 |  1.1
Air Magic      | 1 |  1.1
Earth Magic    | 1 |  1.1
Poison Magic   | 1 |  1.1
Fighting       | |  6.6
Throwing       | |  2.9
Dodging        | |  4.7
Stealth        | |  2.7
Unarmed Combat | |  4.7
Evocations     | |  2.9

Action                   |  1- 3 |  4- 6 || total
-------------------------+-------+-------++-------
Melee: Unarmed           |    91 |       ||    91
       Bite              |    10 |     1 ||    11
       Punch             |     1 |     3 ||     4
       Mace              |    20 |    68 ||    88
Throw: Dart              |    21 |    13 ||    34
  Use: Scroll            |     3 |     3 ||     6
       Potion            |       |     1 ||     1
 Stab: Sleeping          |     2 |     2 ||     4
Armor: Robe              |    13 |     8 ||    21
Dodge: Dodged            |    62 |    56 ||   118

Table legend: (Time is in decaauts)
 A = Elapsed time spent in this place.
 B = Non-inter-level travel time spent in this place.
 C = Inter-level travel time spent in this place.
 D = Time resting spent in this place.
 E = Time spent auto-exploring this place.
 F = Levels seen in this place.
 G = Mean time per level.
                   A        B        C        D        E       F      G
               +--------+--------+--------+--------+--------+-----+--------+
         Total |   3832 |   3765 |     67 |     17 |   3249 |   4 |  958.0 |
       Dungeon |   3832 |   3765 |     67 |     17 |   3249 |   4 |  958.0 |
               +--------+--------+--------+--------+--------+-----+--------+

Top non-repeatable levels by time:
     D:1: 1583 daAuts
     D:2: 1087 daAuts
     D:3: 851 daAuts
     D:4: 309 daAuts
